woodfighter, neutral female human Wizard % }}}}}}}}}}}}}}} }}}}}} $ }}}}}}}}}}}}} %}}}}} % % %% % ------}}}}}}}}}}} }}}}} |..*.|}}}}}}}}}. ..}} % |....|%}}}}}}} }... % % ( ` |....|.}}}}}}- }}}} ` |....|.}}}}}}| .}}} % % ! |....|.}}}}}}|....-- * |....|%}}}}}}}......} ? `` |..<)|.`}}}}}-....| }}------ ` `` |....|%}}}}}}}}}--- }}}}}}...... % / `` ! [ |.I..|.}}}}}}}}}}}}}}}}}}| `` |.III|.}}}}}}..}}}}}}}}}}--- % |...}|...}}}.}}}}}}...}}}}}| |...}-...}}.}}}}}}}}}}}}}}}| |...}|...}}}}}}}..}}}}}}---- % ? |....|}}}}}....}}}}..}}.| % ! ------}}}}}}}}}}}}}}}}}}- % }}}}}}}}}}}}}}}}}}}}} % % % }}}}}}}}}}}}}}}}}}}}}}}}}}} woodfighter the Magician Experience level: 12 Strength: 16 Dexterity: 17 Constitution: 16 Intelligence: 9 Wisdom: 15 Charisma: 8 Health: 0(84) Energy: 20(165) Def: 28 Gold: 0 Moves: 23786 Dungeon seed: HNBtITiQYzy56dOG Game ID: woodfighter_1448382784 Your Inventory: Amulets H - an uncursed amulet of reflection (being worn) Weapons a - the blessed rustproof +0 Magicbane (weapon in hand) Armor e - an uncursed greased +0 cloak of magic resistance (being worn) n - an uncursed +0 pair of levitation boots (being worn) u - a blessed +5 T-shirt (being worn) z - a blessed +1 orange dragon scale mail (being worn) N - an uncursed +1 pair of leather gloves (being worn) Y - a blessed +4 pair of speed boots Comestibles B - an uncursed cram ration Z - an uncursed lizard corpse Scrolls m - an uncursed scroll of light Rings F - an uncursed ring of regeneration (on left hand) R - an uncursed +2 ring of gain strength (on right hand) Tools c - an uncursed skeleton key d - a -1 unicorn horn q - an uncursed stethoscope s - a blessed greased bag of holding t - an uncursed towel D - a +0 unicorn horn Q - a blessed oil lamp (0:824) S - the blessed fireproof Platinum Yendorian Express Card Gems y - a blessed luckstone Contents of the bag of holding: 195 gold pieces an uncursed +0 mummy wrapping an uncursed apple 2 uncursed bananas 3 uncursed eucalyptus leaves 2 uncursed fortune cookies 2 uncursed lizard corpses 2 uncursed oranges an uncursed pancake an uncursed pear 2 uncursed pizzas an uncursed sprig of wolfsbane a wand of death (0:7) a wand of digging (0:7) a wand of teleportation (0:7) a can of grease (0:4) a magic marker (0:18) a +0 pick-axe Spells and supernatural/magical abilities: Name Level Category Fail Memory a - force bolt 1 attack 14% 81% c - cause fear 3 enchantment 20% 71% e - charm monster 3 enchantment 20% 27% h - healing 1 healing 14% 93% j - jumping 1 escape 14% 12% k - knock 1 matter 14% 27% m - magic missile 2 attack 0% 98% n - detect monsters 1 divination 14% 71% o - cone of cold 4 attack 14% 71% r - remove curse 3 clerical 20% 35% s - slow monster 2 enchantment 14% 36% t - teleport away 6 escape 100% 71% w - wizard lock 2 matter 31% 71% x - extra healing 3 healing 20% 70% D - drain life 2 attack 14% 71% E - detect food 2 divination 14% 70% G - detect treasure 4 divination 17% 71% I - identify 3 divination 14% 81% O - create monster 2 clerical 14% 37% W - pray for help -- divine ? -- Your skills at the end: Miscellaneous Skills wands [Basic] Weapon Skills dagger [Basic] quarterstaff [Basic] Spellcasting Skills attack spells [Expert] healing spells [Basic] divination spells [Skilled] enchantment spells [Basic] clerical spells [Basic] escape spells [Basic] Final Attributes: You were nominally aligned. You were fire resistant. You were cold resistant. You were sleep resistant. You were shock resistant. You were poison resistant. You were magic-protected. You were telepathic. You were levitating. You regenerated. You were protected. You had reflection. You were extremely lucky. You had extra luck. Good luck did not time out for you. You are dead. Vanquished creatures: Croesus a titan a gray dragon an orange dragon a green dragon 2 Olog-hai a baby green dragon a vampire lord a clay golem an Aleax a black pudding 5 vampires a ghost an ettin 3 lieutenants a mind flayer 2 giant mimics an ogre king 2 rock trolls a baby long worm a long worm 3 couatls a giant mummy a giant zombie 5 elf-lords 10 sergeants 3 wargs 3 small mimics 2 island nymphs a warhorse 3 xans 3 ettin mummies an ogre lord 3 quantum mechanics 13 trolls a sasquatch a wood golem a djinni 2 freezing spheres 2 flaming spheres a large cat 3 tigers 2 dwarf kings 6 tengu 2 gelatinous cubes 2 ochre jellies 3 chameleons a crocodile a leocrotta an energy vortex 5 mountain centaurs 4 giants 2 elf mummies 2 human mummies 3 pit vipers a wraith 3 ettin zombies 2 leather golems 2 Grey-elves 73 soldiers 2 succubi 4 giant beetles 2 cockatrices 2 winter wolf cubs 73 gremlins 8 leprechauns 2 quivering blobs 4 lizards a mountain nymph an orc-captain a mumak a giant spider 2 scorpions 2 iron piercers 2 horses 2 black lights a vampire bat 4 gnome kings 3 dwarf mummies 6 ogres 4 rust monsters 5 owlbears 2 gold golems 5 Green-elves 3 giant eels 5 chickatrices a dog 3 dingos 3 housecats a jaguar 4 dwarf lords 4 blue jellies 3 water nymphs 3 white unicorns a black unicorn 4 plains centaurs 4 gnome mummies 2 snakes 7 apes 5 human zombies 2 Woodland-elves 53 soldier ants 2 fire ants 16 bugbears 4 imps 9 quasits a wood nymph a Mordor orc 10 Uruk-hai 3 orc shamans 2 rock moles 5 rock piercers 2 ponies a fog cloud 9 yellow lights 19 gnome lords 7 gnomish wizards 4 kobold mummies a red naga hatchling 9 gray oozes 3 barrow wights 5 elf zombies 3 ghouls a straw golem 3 paper golems 4 giant ants 4 little dogs 9 floating eyes 5 kittens 17 dwarves 6 homunculi 2 kobold lords 4 kobold shamans 7 iguanas 26 hill orcs 6 rothes 2 rabid rats a centipede 2 giant bats a monkey 6 orc zombies 6 dwarf zombies 4 wererats 2 werejackals 26 killer bees 3 coyotes 2 gas spores 10 hobbits 2 acid blobs 2 large kobolds 4 geckos 15 hobgoblins 14 giant rats 2 cave spiders 7 brown molds 3 yellow molds 4 green molds 56 gnomes 20 manes 6 gnome zombies 16 jackals 6 foxes 2 kobolds 17 newts 8 goblins 6 sewer rats 11 grid bugs 5 bats 3 lichens a kobold zombie 940 creatures vanquished. Voluntary challenges: You had been an atheist until turn 8224. You used a wielded weapon 561 times, starting on turn 4. You read items or engraved 171 times, starting on turn 1240. You never genocided any monsters. You never polymorphed an object. You never changed form. You completed Sokoban on turn 10295, according to the rules. You used 1 wish, starting on turn 22298. You wished for your your first artifact on turn 22298. You never split a pudding. You wrote Elbereth's name 3 times, starting on turn 8223. You violated your moral code, losing 18 points of alignment, starting on turn 4127. Dungeon overview: The Dungeons of Doom: levels 1 to 25 Level 1 a long staircase Level 2 a sink stairs to The Gnomish Mines Level 3 ( ) a general store, a fountain Level 4 an armor shop Level 5 (locked box) a fountain Level 6 many fountains Level 7 stairs to Sokoban Level 8 (open water) a fountain, a sink Level 9 (vault) a general store, an altar to Thoth Level 10 some fountains Level 11 portal to Fort Ludios Level 12 (Quest) a temple to Thoth, some fountains Level 13 a potion shop, a fountain Level 14 a fountain Level 15 a sink Level 16 Level 17 Level 18 a fountain Level 19 some fountains Level 20 Level 21 some fountains Level 22 a fountain Level 23 a temple to Thoth, a fountain Level 24 Level 25 <- You were here The Gnomish Mines: levels 3 to 10 Level 3 stairs to The Dungeons of Doom Level 4 Level 5 Level 6 many shops, a temple to Ptah, a magic chest, some fountains Level 7 Level 8 Level 9 Level 10 a magic chest, some fountains Sokoban: levels 3 to 6 Level 3 Level 4 Level 5 Level 6 a magic chest stairs to The Dungeons of Doom Fort Ludios: Level 1 a magic chest portal to The Dungeons of Doom History has recorded: On T:1 you entered the Dungeons of Doom to retrieve the Amulet of Yendor! On T:204 you reached level 2 of The Dungeons of Doom. On T:317 you reached level 1 of The Gnomish Mines. On T:357 you advanced to experience level 2. On T:373 you reached level 3 of The Dungeons of Doom. On T:688 you advanced to experience level 3. On T:908 you reached level 4 of The Dungeons of Doom. On T:1356 you reached level 5 of The Dungeons of Doom. On T:1502 you advanced to experience level 4. On T:1732 you reached level 6 of The Dungeons of Doom. On T:2204 you reached level 7 of The Dungeons of Doom. On T:2305 you reached level 8 of The Dungeons of Doom. On T:2316 you advanced to experience level 5. On T:2473 you reached level 4 of Sokoban. On T:2510 you opened a magic chest. On T:2717 you opened a magic chest. On T:3043 you opened a magic chest. On T:3044 you opened a magic chest. On T:3045 you opened a magic chest. On T:3052 you opened a magic chest. On T:3060 you reached level 3 of Sokoban. On T:3445 you opened a magic chest. On T:3454 you advanced to experience level 6. On T:3645 you opened a magic chest. On T:3648 you opened a magic chest. On T:3651 you opened a magic chest. On T:3654 you opened a magic chest. On T:3659 you opened a magic chest. On T:3659 you opened a magic chest. On T:3661 you opened a magic chest. On T:3692 you reached level 2 of Sokoban. On T:4412 you opened a magic chest. On T:4779 you reached level 2 of The Gnomish Mines. On T:4873 you advanced to experience level 7. On T:5327 you reached level 3 of The Gnomish Mines. On T:5680 you reached level 4 of The Gnomish Mines. On T:5922 you entered the Minetown temple On T:5983 you opened a magic chest. On T:5985 you opened a magic chest. On T:5997 you opened a magic chest. On T:6137 you advanced to experience level 8. On T:6226 you opened a magic chest. On T:6229 you opened a magic chest. On T:6232 you opened a magic chest. On T:6232 you opened a magic chest. On T:6809 you reached level 5 of The Gnomish Mines. On T:6942 you reached level 6 of The Gnomish Mines. On T:7041 you opened a magic chest. On T:7042 you opened a magic chest. On T:7367 you opened a magic chest. On T:7814 you reached level 7 of The Gnomish Mines. On T:7888 you reached level 8 of The Gnomish Mines. On T:7888 you reached the bottom of the Mines. On T:7907 you advanced to experience level 9. On T:8366 you opened a magic chest. On T:9018 you opened a magic chest. On T:9042 you opened a magic chest. On T:9049 you opened a magic chest. On T:9049 you opened a magic chest. On T:9117 you opened a magic chest. On T:9428 you opened a magic chest. On T:9465 you reached level 1 of Sokoban. On T:10295 you advanced to experience level 10. On T:10295 you entered the Sokoban zoo. On T:10427 you opened a magic chest. On T:10427 you opened a magic chest. On T:10594 you reached level 9 of The Dungeons of Doom. On T:11044 you reached level 10 of The Dungeons of Doom. On T:11477 you received Magicbane from Thoth. On T:11789 you reached level 11 of The Dungeons of Doom. On T:12340 you reached level 12 of The Dungeons of Doom. On T:12416 you reached level 13 of The Dungeons of Doom. On T:12834 you reached level 14 of The Dungeons of Doom. On T:13201 you opened a magic chest. On T:13202 you opened a magic chest. On T:13204 you opened a magic chest. On T:13204 you opened a magic chest. On T:13205 you opened a magic chest. On T:13206 you opened a magic chest. On T:13206 you opened a magic chest. On T:13207 you opened a magic chest. On T:13208 you opened a magic chest. On T:13450 you opened a magic chest. On T:13746 you reached level 15 of The Dungeons of Doom. On T:14275 you reached level 16 of The Dungeons of Doom. On T:14519 you advanced to experience level 11. On T:14662 you reached level 17 of The Dungeons of Doom. On T:14906 you reached level 18 of The Dungeons of Doom. On T:15455 you reached level 19 of The Dungeons of Doom. On T:15563 you reached level 20 of The Dungeons of Doom. On T:15741 you reached level 21 of The Dungeons of Doom. On T:16063 you reached level 22 of The Dungeons of Doom. On T:16721 you reached level 23 of The Dungeons of Doom. On T:16794 you reached level 25 of The Dungeons of Doom. On T:16870 you reached level 24 of The Dungeons of Doom. On T:17762 you opened a magic chest. On T:17764 you opened a magic chest. On T:17802 you opened a magic chest. On T:17803 you opened a magic chest. On T:17803 you opened a magic chest. On T:17804 you opened a magic chest. On T:17814 you opened a magic chest. On T:17814 you opened a magic chest. On T:17817 you opened a magic chest. On T:17863 you opened a magic chest. On T:18213 you reached Fort Ludios. On T:19888 you opened a magic chest. On T:19892 you opened a magic chest. On T:19893 you opened a magic chest. On T:19902 you opened a magic chest. On T:19902 you opened a magic chest. On T:19902 you opened a magic chest. On T:19907 you opened a magic chest. On T:19927 you opened a magic chest. On T:20386 you advanced to experience level 12. On T:21561 you killed Croesus in Fort Ludios. On T:21798 you opened a magic chest. On T:21799 you opened a magic chest. On T:22289 you opened a magic chest. On T:22290 you opened a magic chest. On T:22291 you opened a magic chest. On T:22293 you opened a magic chest. On T:22294 you opened a magic chest. On T:22295 you opened a magic chest. On T:22296 you opened a magic chest. On T:22296 you opened a magic chest. On T:22296 you opened a magic chest. On T:22298 you wished for "blessed fireproof Platinum Yendorian Express Card". On T:22475 you opened a magic chest. On T:22476 you opened a magic chest. On T:22489 you opened a magic chest. On T:22885 you opened a magic chest. On T:22886 you opened a magic chest. On T:22886 you opened a magic chest. On T:22889 you opened a magic chest. On T:22889 you opened a magic chest. On T:22890 you opened a magic chest. On T:22934 you opened a magic chest. On T:22934 you opened a magic chest. On T:23290 you opened a magic chest. On T:23295 you opened a magic chest. Score breakdown: Gold: 195 ( 19 points) Experience: 12 levels ( 1100 points) Exploration: 25 levels ( 720 points) Discoveries: 139 items ( 2000 points) Variety of kills: 170 monsters ( 2000 points) Major goal: Sokoban/Mines ( 1500 points) Survival: died (score multiplied by 3) Total score: 22017 Latest messages: Something misses. (2x) Something claws you! Something bites! Something claws you! Something misses. Something claws you! Something misses. (2x) Something claws you! (2x) Something bites! Something claws you! (3x) Something misses. Something claws you! (2x) Something misses. (3x) Something claws you! (2x) Something bites! Something claws you! (2x) Something misses. Something bites! Something misses. (2x) Something claws you! Something bites! Something claws you! Something misses. (2x) Something bites! Something claws you! (3x) Something bites! You die... Final status: Goodbye woodfighter the Wizard, killed by a gremlin, while fainted from lack of food... You died in The Dungeons of Doom on dungeon level 25 with 22017 points, and 195 pieces of gold, after 23786 moves. You were level 12 with a maximum of 84 hit points when you died.